BR (22 & UNDER)
PALMYRA OVERLORDS @ RANCHO CUCAMONGA SICK MONKEYS
08/21/2029
 
TOP OF THE 1ST
Palmyra Overlords batting - Pitching for Rancho Cucamonga Sick Monkeys : LHP Keith O'Higgins
Pitching: LHP Keith O'Higgins
Batting: LHB Chris Hutchison 0-0: Called Strike
0-1: Ball
1-1: SINGLE (Line Drive, 8LS)
Batting: LHB Claudio Arce 0-0: Ball
1-0: Ball
Wild Pitch!
Chris Hutchison to second
2-0: Called Strike
2-1: Ball
3-1: Ground out 1-3 (Groundball, 13S)
Chris Hutchison to third
Batting: RHB Enrico Castro 0-0: Called Strike
0-1: Swinging Strike
0-2: Fly out, F9 (Flyball, 89S)
Batting: RHB Tom Robinson 0-0: Swinging Strike
0-1: Foul Ball, location: 2F
0-2: Strikes out looking
Top of the 1st over - 0 runs, 1 hit, 0 errors, 1 left on base; Palmyra 0 - Rancho Cucamonga 0
BOTTOM OF THE 1ST
Rancho Cucamonga Sick Monkeys batting - Pitching for Palmyra Overlords : LHP Rafael Maniola
Pitching: LHP Rafael Maniola
Batting: SHB Jimmy Mayer 0-0: Ball
1-0: Swinging Strike
1-1: Foul Ball, location: 2F
1-2: Ball
2-2: Strikes out swinging
Batting: SHB Paco Estrada 0-0: Called Strike
0-1: Ball
1-1: Ball
2-1: Ball
3-1: SINGLE (Flyball, 7S)
Batting: LHB Ed Ballard 0-0: Ball
1-0: Called Strike
1-1: Ball
2-1: Swinging Strike
2-2: Strikes out swinging
Batting: LHB Terry Barton 0-0: Called Strike
0-1: Fly out, F8 (Line Drive, 78D)
Bottom of the 1st over - 0 runs, 1 hit, 0 errors, 1 left on base; Palmyra 0 - Rancho Cucamonga 0
TOP OF THE 2ND
Palmyra Overlords batting - Pitching for Rancho Cucamonga Sick Monkeys : LHP Keith O'Higgins
Batting: LHB Howard Anderson 0-0: Ball
1-0: Fly out, F7 (Flyball, 78M)
Batting: LHB Jaime Flores 0-0: Ball
1-0: Foul Ball, location: 2F
1-1: Swinging Strike
1-2: Strikes out looking
Batting: RHB Jesús Salazar 0-0: Ball
1-0: Foul Ball, location: 2F
1-1: Swinging Strike
1-2: Ball
2-2: Ball
3-2: Foul Ball, location: 2F
3-2: Ground out 6-3 (Groundball, 6)
Top of the 2nd over - 0 runs, 0 hits, 0 errors, 0 left on base; Palmyra 0 - Rancho Cucamonga 0
BOTTOM OF THE 2ND
Rancho Cucamonga Sick Monkeys batting - Pitching for Palmyra Overlords : LHP Rafael Maniola
Batting: RHB Hank Brown 0-0: Called Strike
0-1: Called Strike
0-2: Foul Ball, location: 2F
0-2: Ball
1-2: Ball
2-2: Foul Ball, location: 2F
2-2: Fly out, F9 (Flyball, 89S)
Batting: LHB Kevin Hatcher 0-0: Ball
1-0: Swinging Strike
1-1: Ball
2-1: Called Strike
2-2: Ball
3-2: DOUBLE (Groundball, 3L)
Batting: RHB Aaron Adams 0-0: Ball
1-0: Called Strike
1-1: Ball
2-1: Foul Ball, location: 2F
2-2: Ball
3-2: Strikes out looking
Batting: RHB Greg Fowler 0-0: Foul Ball, location: 2F
0-1: Ground out 5-3 (Groundball, 5L)
Bottom of the 2nd over - 0 runs, 1 hit, 0 errors, 1 left on base; Palmyra 0 - Rancho Cucamonga 0
TOP OF THE 3RD
Palmyra Overlords batting - Pitching for Rancho Cucamonga Sick Monkeys : LHP Keith O'Higgins
Batting: LHB José Marín 0-0: Called Strike
0-1: Swinging Strike
0-2: Strikes out swinging
Batting: RHB Rafael Castro 0-0: Ball
1-0: Ball
2-0: Called Strike
2-1: Foul Ball, location: 2F
2-2: Foul Ball, location: 2F
2-2: Foul Ball, location: 2F
2-2: Foul Ball, location: 2F
2-2: Ground out 5-3 (Groundball, 56S)
Batting: LHB Chris Hutchison 0-0: Ball
1-0: Called Strike
1-1: Foul Ball, location: 2F
1-2: Ball
2-2: Foul Ball, location: 2F
2-2: Strikes out swinging
Top of the 3rd over - 0 runs, 0 hits, 0 errors, 0 left on base; Palmyra 0 - Rancho Cucamonga 0
BOTTOM OF THE 3RD
Rancho Cucamonga Sick Monkeys batting - Pitching for Palmyra Overlords : LHP Rafael Maniola
Batting: RHB Mike Cooley 0-0: Called Strike
0-1: Fly out, F8 (Flyball, 78D)
Batting: SHB Jimmy Mayer 0-0: Called Strike
0-1: Ball
1-1: Foul Ball, location: 2F
1-2: Fly out, F5 (Popup, 5)
Batting: SHB Paco Estrada 0-0: Ball
1-0: Fly out, F7 (Flyball, 7S)
Bottom of the 3rd over - 0 runs, 0 hits, 0 errors, 0 left on base; Palmyra 0 - Rancho Cucamonga 0
TOP OF THE 4TH
Palmyra Overlords batting - Pitching for Rancho Cucamonga Sick Monkeys : LHP Keith O'Higgins
Batting: LHB Claudio Arce 0-0: Fly out, F8 (Line Drive, 8LD)
Batting: RHB Enrico Castro 0-0: Called Strike
0-1: SINGLE (Line Drive, 9S)
Batting: RHB Tom Robinson 0-0: Ball
1-0: Called Strike
1-1: Ball
2-1: Called Strike
2-2: Strikes out looking
Batting: LHB Howard Anderson 0-0: Called Strike
0-1: Ball
1-1: Foul Ball, location: 2F
1-2: Ball
2-2: Ball
3-2: Foul Ball, location: 2F
3-2: Ground out 1-3 (Groundball, 13)
Top of the 4th over - 0 runs, 1 hit, 0 errors, 1 left on base; Palmyra 0 - Rancho Cucamonga 0
BOTTOM OF THE 4TH
Rancho Cucamonga Sick Monkeys batting - Pitching for Palmyra Overlords : LHP Rafael Maniola
Batting: LHB Ed Ballard 0-0: Ball
1-0: Called Strike
1-1: Ground out 5-3 (Groundball, 56)
Batting: LHB Terry Barton 0-0: Ball
1-0: Called Strike
1-1: Swinging Strike
1-2: Strikes out looking
Batting: RHB Hank Brown 0-0: Swinging Strike
0-1: Swinging Strike
0-2: Ball
1-2: Fly out, F4 (Flyball, 4D)
Bottom of the 4th over - 0 runs, 0 hits, 0 errors, 0 left on base; Palmyra 0 - Rancho Cucamonga 0
TOP OF THE 5TH
Palmyra Overlords batting - Pitching for Rancho Cucamonga Sick Monkeys : LHP Keith O'Higgins
Batting: LHB Jaime Flores 0-0: Ball
1-0: Swinging Strike
1-1: Called Strike
1-2: Ball
2-2: Ground out 6-3 (Groundball, 6)
Batting: RHB Jesús Salazar 0-0: Foul Ball, location: 2F
0-1: Ball
1-1: Ball
2-1: Ball
3-1: Ground out U3 (Groundball, 34)
Batting: LHB José Marín 0-0: Called Strike
0-1: Foul Ball, location: 2F
0-2: Ball
1-2: Ball
2-2: Ball
3-2: Foul Ball, location: 2F
3-2: Ground out 4-3 (Groundball, 4D)
Top of the 5th over - 0 runs, 0 hits, 0 errors, 0 left on base; Palmyra 0 - Rancho Cucamonga 0
BOTTOM OF THE 5TH
Rancho Cucamonga Sick Monkeys batting - Pitching for Palmyra Overlords : LHP Rafael Maniola
Batting: LHB Kevin Hatcher 0-0: Ball
1-0: Ball
2-0: Foul Ball, location: 2F
2-1: SINGLE (Line Drive, 4MD)
Batting: RHB Aaron Adams 0-0: Called Strike
0-1: Ball
1-1: Ball
2-1: Foul Ball, location: 2F
2-2: Fly out, F8 (Line Drive, 8RM)
Batting: RHB Greg Fowler 0-0: Ball
1-0: Ball
2-0: Called Strike
2-1: Fly out, F7 (Flyball, 7LSF)
Batting: RHB Mike Cooley 0-0: Fly out, F7 (Flyball, 7S)
Bottom of the 5th over - 0 runs, 1 hit, 0 errors, 1 left on base; Palmyra 0 - Rancho Cucamonga 0
TOP OF THE 6TH
Palmyra Overlords batting - Pitching for Rancho Cucamonga Sick Monkeys : LHP Keith O'Higgins
Batting: RHB Rafael Castro 0-0: Ball
1-0: SINGLE (Line Drive, 4M)
Batting: LHB Chris Hutchison 0-0: Called Strike
0-1: Ball
1-1: Foul Ball, location: 2F
1-2: Strikes out looking
Batting: LHB Claudio Arce 0-0: Foul Ball, location: 2F
0-1: Ball
1-1: Ball
2-1: Fly out, F7 (Line Drive, 7)
Batting: RHB Enrico Castro 0-0: Ball
1-0: Ball
2-0: Called Strike
2-1: Swinging Strike
2-2: Ball
3-2: Strikes out swinging
Top of the 6th over - 0 runs, 1 hit, 0 errors, 1 left on base; Palmyra 0 - Rancho Cucamonga 0
BOTTOM OF THE 6TH
Rancho Cucamonga Sick Monkeys batting - Pitching for Palmyra Overlords : LHP Rafael Maniola
Batting: SHB Jimmy Mayer 0-0: Called Strike
0-1: Ground out 6-3 (Groundball, 6)
Batting: SHB Paco Estrada 0-0: Fly out, F8 (Flyball, 8RS)
Batting: LHB Ed Ballard 0-0: Ball
1-0: Foul Ball, location: 2F
1-1: Foul Ball, location: 2F
1-2: SOLO HOME RUN (Flyball, 9LD), Distance : 348 ft
Pitching: LHP José Sánchez
Batting: LHB Terry Barton 0-0: Ball
1-0: Called Strike
1-1: Foul Ball, location: 2F
1-2: Ball
2-2: Ball
3-2: DOUBLE (Line Drive, 89XD)
Batting: RHB Hank Brown 0-0: Called Strike
0-1: Swinging Strike
0-2: Ball
1-2: Ball
2-2: Ball
3-2: Strikes out looking
Bottom of the 6th over - 1 run, 2 hits, 0 errors, 1 left on base; Palmyra 0 - Rancho Cucamonga 1
TOP OF THE 7TH
Palmyra Overlords batting - Pitching for Rancho Cucamonga Sick Monkeys : LHP Keith O'Higgins
Batting: RHB Tom Robinson 0-0: Ball
1-0: Ground out 4-3 (Groundball, 4)
Batting: LHB Howard Anderson 0-0: Ball
1-0: Called Strike
1-1: Foul Ball, location: 2F
1-2: Foul Ball, location: 2F
1-2: Ball
2-2: Strikes out swinging
Batting: LHB Jaime Flores 0-0: Ball
1-0: Ball
2-0: Ball
3-0: Called Strike
3-1: Swinging Strike
3-2: Foul Ball, location: 2F
3-2: SINGLE (Line Drive, 34D)
Batting: RHB Jesús Salazar 0-0: Swinging Strike
0-1: Ground out 4-3 (Groundball, 4)
Top of the 7th over - 0 runs, 1 hit, 0 errors, 1 left on base; Palmyra 0 - Rancho Cucamonga 1
BOTTOM OF THE 7TH
Rancho Cucamonga Sick Monkeys batting - Pitching for Palmyra Overlords : LHP José Sánchez
Batting: LHB Kevin Hatcher 0-0: Ball
1-0: SINGLE (Line Drive, 34)
Pinch Hitting: RHB Manny Holguín 0-0: Ball
Kevin Hatcher is caught stealing 2nd base
1-0: Ball
2-0: Ball
3-0: Called Strike
3-1: Called Strike
3-2: Strikes out swinging
Batting: RHB Greg Fowler 0-0: Called Strike
0-1: Ground out 5-3 (Groundball, 56S)
Bottom of the 7th over - 0 runs, 1 hit, 0 errors, 0 left on base; Palmyra 0 - Rancho Cucamonga 1
TOP OF THE 8TH
Palmyra Overlords batting - Pitching for Rancho Cucamonga Sick Monkeys : LHP Keith O'Higgins
Pitching: RHP Clyde Fisher
Now at C: Mauro Flores
Now at 2B: Manny Holguín
Batting: LHB José Marín 0-0: Called Strike
0-1: Foul Ball, location: 2F
0-2: Ball
1-2: Strikes out swinging
Batting: RHB Rafael Castro 0-0: Ball
1-0: Foul Ball, location: 2F
1-1: Foul Ball, location: 2F
1-2: Ball
2-2: Foul Ball, location: 2F
2-2: Strikes out swinging
Pitching: LHP Juan Valentín
Batting: LHB Chris Hutchison 0-0: Ball
1-0: Ball
2-0: Ball
3-0: Called Strike
3-1: Fly out, F8 (Flyball, 89D)
Top of the 8th over - 0 runs, 0 hits, 0 errors, 0 left on base; Palmyra 0 - Rancho Cucamonga 1
BOTTOM OF THE 8TH
Rancho Cucamonga Sick Monkeys batting - Pitching for Palmyra Overlords : LHP José Sánchez
Batting: RHB Mike Cooley 0-0: Ball
1-0: Foul Ball, location: 2F
1-1: Ground out 4-3 (Groundball, 4)
Batting: SHB Jimmy Mayer 0-0: Ball
1-0: Ball
2-0: Ball
3-0: Base on Balls
Pinch Hitting: RHB Francisco Gonzáles 0-0: Ball
1-0: Ball
2-0: Ball
3-0: Called Strike
3-1: Foul Ball, location: 2F
3-2: Strikes out looking
Batting: LHB Ed Ballard 0-0: Foul Ball, location: 2F
0-1: Ball
1-1: Fly out, F5 (Line Drive, 56)
Bottom of the 8th over - 0 runs, 0 hits, 0 errors, 1 left on base; Palmyra 0 - Rancho Cucamonga 1
TOP OF THE 9TH
Palmyra Overlords batting - Pitching for Rancho Cucamonga Sick Monkeys : LHP Juan Valentín
Pitching: RHP Juan Muńóz
Now at SS: Clarence Bowen
Batting: LHB Claudio Arce 0-0: Called Strike
0-1: Ball
1-1: Swinging Strike
1-2: Foul Ball, location: 2F
1-2: Strikes out swinging
Pinch Hitting: LHB Miguel Gamboa 0-0: Called Strike
0-1: Ball
1-1: Fly out, F8 (Flyball, 89D)
Batting: RHB Tom Robinson 0-0: Called Strike
0-1: Ball
1-1: Ground out 5-3 (Groundball, 56)
Top of the 9th over - 0 runs, 0 hits, 0 errors, 0 left on base; Palmyra 0 - Rancho Cucamonga 1
Saturday, December 16th, 2017 - OOTP Baseball 18.8 Build 76